 BcadrenCrawl: Boulder Brew version 0.03.3.1-34-gd247f1d118 (webtiles) character file.

Game seed: 17662423308317223996, levelgen mode: deterministic

681 Chiseanne the Ducker (level 7, -7/49 HPs) Goblin Demonspawn. Began on Mar 19, 2021. Mangled by a guardian mummy ... wielding a +0 battleaxe (29 damage) ... on level 3 of the Dungeon. The game lasted 00:08:29 (2375 turns).

Chiseanne the Ducker (Goblin Demonspawn)            Turns: 2375, Time: 00:08:30

Health: -7/49      AC:  8    Str: 10    XL:     7 ^: 35
Magic:  0/8        EV: 15    Int:  6    God:
Gold:   83         SH:  0    Dex:  6    Spells: 10/11 levels left

rFire    . . .     Vision   .   a - +0 war axe
rCold    . . .     Gourm    .   f - +1 dagger (protect)
rNeg     + . .     Faith    .   h - +0 ring mail
rPois    .         Spirit   +   (no helmet)
rElec    .         Reflect  .   (no cloak)
rCorr    .         Harm     .   (no gloves)
MR       .....                  (no boots)
Stlth    +.........             c - amulet of regeneration
HPRegen  0.66/turn              e - ring of positive energy
MPRegen  0.18/turn              (no ring)

@: no status effects
A: small, stagnant stats, goblin's greed, low mp 1, mutation resistance 1,
powered by pain 1, strong 1, magic shield, sturdy frame 1, god's pity 2
a: no special abilities


You were on level 3 of the Dungeon.
You were very hungry.

You visited 1 branch of the dungeon, and saw 3 of its levels.

You collected 68 gold pieces.

Inventory:

Weapons
 a - a +0 war axe (weapon)
 f - a +1 dagger of protection (weapon)
 l - a +1 dagger of venom
Armour
 h - a +0 ring mail (worn)
Jewellery
 c - an amulet of regeneration (around neck)
 e - a ring of positive energy (left hand)
Scrolls
 j - 2 scrolls of teleportation
Potions
 g - a potion of brilliance
 i - 2 potions of curing
Comestibles
 d - 10 rations


   Skills:
 * Level 4.9 Fighting
 * Level 2.7 Short Blades
 - Level 4.5 Axes & Hammers
 * Level 3.9 Armour
 - Level 6.1 Dodging
 - Level 2.6 Stealth
 * Level 2.6 Spellcasting
 - Level 2.6 Fire Magic
   Level 4.0 Invocations


You had 10 spell levels left.
You knew the following spells:

 Your Spells              Type           Power        Failure   Level  Hunger
a - Flame Tongue          Fire           4 (30)       16%         1    ##.....

Your spell library contained the following spells:

 Spells                   Type           Power        Failure   Level  Hunger
 Conjure Flame            Fire           4 (100)      43%         3    ####...
 Blink                    Tloc           N/A          58%         2    ###....
 Call Imp                 Summ           0 (100)      58%         2    ###....
 Slow                     Hex            0 (100)      58%         2    ###....
 Mephitic Cloud           Pois/Air       0 (100)      82%         3    ####...


Dungeon Overview and Level Annotations

Branches:
Dungeon (3/8)

Altars:
Trog


Innate Abilities, Weirdness & Mutations

Your stats never grow through leveling.
Your goblin ancestry allows you to find more gold. (+20%)
You are small and have problems with some larger weapons.
Your magical capacity is low. (-10% MP)
You are somewhat resistant to further mutation.
You sometimes gain a little power by taking damage.
When hurt, damage is shared between your health and your magic reserves.
Your movements are slightly less encumbered by armour. (ER -2)
The pity of the gods increases the power of your passive and invoked divine abilities.
You are strong. (Str +2)


Message History

You hit the mummy (6). You hit the mummy but do no damage.
The mummy barely misses you (0).
You slash the mummy (7)! You hit the mummy (4).
The mummy closely misses you (0). The mummy hits you but does no damage.
You slash the mummy (9)!
You destroy the mummy!
You see here a mummy corpse.
Okay, then. 2 guardian mummies come into view.
A guardian mummy is wielding a cursed +1 mace of distortion {(Curse: rC- Int-2)}.
You are feeling very hungry.
You barely miss the guardian mummy. You hit the guardian mummy (4).
The guardian mummy hits you with a +0 battleaxe (33)!!
Ouch! That really hurt!
You focus on the pain.
You feel your power returning.
You barely miss the guardian mummy. You hit the guardian mummy (5).
You hit the guardian mummy but do no damage.
The guardian mummy hits you with a +0 battleaxe (37)!!!
Ouch! That really hurt!
You die...

...........
......8....
.........
#.......
#.....
#.8.# #...#
#MM.# #.@.#
#.8.# #...#
#...#
#...##
#.8†.##
#.....#
##.#### #.#


You could see 2 guardian mummies.

Vanquished Creatures
  A porcupine (D:3)
  A bullfrog (D:2)
  A crimson imp (D:3)
  An orc priest (D:3)
  A hound (D:3)
  3 orc wizards
  2 mummies (D:3)
  An iguana (D:3)
  5 giant cockroaches
  A bullfrog zombie (D:3)
  A bullfrog skeleton (D:3)
  3 adders
  A white imp (D:3)
  4 cinder newts
  A worm (D:1)
  A giant cockroach zombie (D:3)
  A worker ant zombie (D:3)
  A hound skeleton (D:3)
  An ooze (D:2)
  A dart slug (D:1)
  5 leopard geckos
  8 orcs (D:3)
  An adder skeleton (D:3)
  An adder zombie (D:3)
  6 bats (D:1)
  7 goblins (D:1)
  10 hobgoblins (D:1)
  A ball python skeleton (D:2)
  14 kobolds
  A leopard gecko zombie (D:3)
  A quokka skeleton (D:3)
  3 rats (D:1)
  7 withered plants (D:2)
97 creatures vanquished.

Vanquished Creatures (others)
  3 kobolds (D:2)
  A slimehead (D:2)
  4 withered plants (D:2)
8 creatures vanquished.

Grand Total: 105 creatures vanquished

Notes
Turn   | Place    | Note
-------+----------+-------------------------------------------
     0 | D:1      | Chiseanne the Goblin Demonspawn began the quest for the
                  | Orb.
     0 | D:1      | Reached XP level 1. HP: 13/13 MP: 2/2
   109 | D:1      | Gained mutation: You sometimes gain a little power by
                  | taking damage. [demonic ancestry]
   109 | D:1      | Reached XP level 2. HP: 12/19 MP: 3/3
   153 | D:1      | your +1 dagger of protection protects you from harm!
   169 | D:1      | Reached skill level 1 in Armour
   214 | D:1      | Reached XP level 3. HP: 24/24 MP: 4/4
   390 | D:1      | Reached XP level 4. HP: 30/30 MP: 5/5
   873 | D:1      | Reached XP level 5. HP: 36/36 MP: 6/6
  1051 | D:1      | Gained mutation: You are strong. (Str +2) [potion of
                  | mutation]
  1167 | D:2      | Reached skill level 5 in Dodging
  1167 | D:2      | Gained mutation: Your movements are slightly less
                  | encumbered by armour. (ER -2) [demonic ancestry]
  1167 | D:2      | Reached XP level 6. HP: 33/42 MP: 7/7
  1698 | D:3      | Found a bloodstained altar of Trog.
  1758 | D:3      | Reached skill level 1 in Short Blades
  1758 | D:3      | Gained mutation: When hurt, damage is shared between your
                  | health and your magic reserves. [demonic ancestry]
  1758 | D:3      | Reached XP level 7. HP: 43/48 MP: 8/8
  1922 | D:3      | Reached skill level 6 in Dodging
  2366 | D:3      | Noticed a guardian mummy
  2366 | D:3      | Noticed a guardian mummy
  2375 | D:3      | Mangled by a guardian mummy

Levels and vault maps discovered:
D:1:      elethiomel_arrival_infinity_welcomes_careful_drivers,
          layout_loops_corners, minmay_worlds_worst_comb,
          gup_sewer_entry_bubbles
D:2:      layout_sewer, purgy_donut, chequers_ecumenical_altar_grove,
          first_ration, uniq_natasha
D:3:      ossuary_tomb_3, layout_twisted_cavern,
          bcadren_lemuel_inverted_doored_altar

Skill      XL: |  1  2  3  4  5  6  7 |
---------------+----------------------+-----
Axes & Hammers | 3 4 |  4.5
Armour         | 1 2 3 |  3.9
Fighting       | 2 3 4 |  4.9
Dodging        | 5 6 |  6.1
Short Blades   | 1 2 |  2.7
Spellcasting   | 2 |  2.6
Stealth        | |  2.6
Fire Magic     | |  2.6
Invocations    | |  4.0

Action                   |  1- 3 |  4- 6 |  7- 9 || total
-------------------------+-------+-------+-------++-------
Melee: War axe           |    47 |   168 |    10 ||   225
       Short sword       |     6 |       |       ||     6
       Unarmed           |     2 |       |       ||     2
       Dagger            |    19 |   220 |    84 ||   323
  Use: Potion            |       |     2 |     1 ||     3
       Scroll            |       |     1 |       ||     1
 Stab: Sleeping          |     1 |     1 |     2 ||     4
  Eat: Chunk             |       |     5 |     1 ||     6
Armor: Leather armour    |    14 |   102 |    11 ||   127
       Ring mail         |       |       |     4 ||     4
Dodge: Dodged            |    67 |   336 |    48 ||   451
